 Dungeon Crawl Stone Soup version 0.17-a0-1572-g7a1422d (webtiles) character file.

3409350 Oddysee the Conqueror (level 27, 273/273 HPs)
             Began as a Minotaur Fighter on July 22, 2015.
             Was the Champion of Cheibriados.
             Escaped with the Orb
             ... and 5 runes on July 24, 2015!
             The game lasted 06:38:15 (65701 turns).

Oddysee the Conqueror (Minotaur Fighter)           Turns: 65701, Time: 06:38:15

Health: 273/273    AC: 52    Str: 41    XL:     27
Magic:  33/33      EV: 35    Int: 22    God:    Cheibriados [******]
Gold:   3243       SH: 36    Dex: 33    Spells: 0 memorised, 26 levels left

rFire  + + +     SeeInvis +     J - +9 morningstar (vamp)
rCold  + + .     Clarity  .     N - +12 gold dragon armour
rNeg   + + +     SustAt   .     L - +6 large shield of Ignorance {rN+ AC+2 EV+2 Int-6 *Curse}
rPois  +         Gourm    .     Q - +2 hat {Int+3}
rElec  +         Spirit   .     A - +2 cloak {rPois}
rCorr  +         Warding  .     M - +2 pair of gloves of Faiqog {rC+ rCorr Str+4 Int+7}
rMut   +         Stasis   .     q - +1 pair of boots of Lesuc {rF+++ rC+ Str-2 SInv}
MR     ++...                    K - amulet of Suvasues {rMut Str+3 Stlth+}
Stlth  ..........               Z - ring "Noosit" {Fire rElec rPois rN+ Str-5 Stlth+}
                                i - ring of Labburih {+Fly rN+}

@: very slow, very resistant to hostile enchantments, extremely unstealthy
A: retaliatory headbutt, horns 2, dopey 1
a: Bend Time, Temporal Distortion, Slouch, Step From Time, Renounce Religion,
Evoke Flight
0: Orb of Zot
}: 5/15 runes: barnacled, slimy, silver, abyssal, gossamer


You escaped.
You worshipped Cheibriados.
Cheibriados was exalted by your worship.
You were not hungry.

You visited 11 branches of the dungeon, and saw 60 of its levels.
You visited the Abyss 5 times.
You visited 1 bazaar.
You visited 1 ziggurat, and saw 11 of its levels.
You also visited: Trove and Sewer.

You collected 10651 gold pieces.
You spent 7408 gold pieces at shops.

Inventory:

Hand weapons
 p - a +9 eveningstar of electrocution
 E - a +0 eveningstar of flaming
 J - a +9 vampiric morningstar (weapon)
Armour
 q - the +1 pair of boots of Lesuc (worn) {rF+++ rC+ Str-2 SInv}
   (You acquired it on level 4 of the Spider Nest)

   It affects your strength (-2).
   It renders you almost immune to fire.
   It protects you from cold.
   It lets you see invisible.
 A - a +2 cloak of poison resistance (worn)
 L - the +6 large shield of Ignorance (worn) {rN+ AC+2 EV+2 Int-6 *Curse}
   (You found it on level 8 of the Lair of Beasts)

   It affects your AC (+2).
   It affects your evasion (+2).
   It affects your intelligence (-6).
   It protects you from negative energy.
   It may re-curse itself when equipped.
 M - the +2 pair of gloves of Faiqog (worn) {rC+ rCorr Str+4 Int+7}
   (You bought it in a shop on level 4 of the Orcish Mines)

   It affects your strength (+4).
   It affects your intelligence (+7).
   It protects you from cold.
   It protects you from acid and corrosion.
 N - a +12 gold dragon armour (worn)
 Q - a +2 hat of intelligence (worn)
Rods
 W - a +1 rod of shadows (10/10)
   (You took it off a deep elf annihilator on level 3 of the Elven Halls)
Jewellery
 a - an uncursed ring of sustain attributes
 i - the ring of Labburih (left hand) {+Fly rN+}
   (You found it in a treasure trove)

   [ring of flight]

   It protects you from negative energy.
   It lets you fly.
 K - the amulet of Suvasues (around neck) {rMut Str+3 Stlth+}
   (You took it off a frost giant on level 4 of the Depths)

   [amulet of resist mutation]

   It protects you from mutation.
   It affects your strength (+3).
   It makes you more stealthy.
 X - an uncursed amulet of the gourmand
 Z - the ring "Noosit" (right hand) {Fire rElec rPois rN+ Str-5 Stlth+}
   (You found it on level 4 of the Shoals)

   [ring of fire]

   It enhances your fire magic, and weakens your ice magic.
   It affects your strength (-5).
   It protects you from fire.
   It makes you vulnerable to cold.
   It insulates you from electricity.
   It protects you from poison.
   It protects you from negative energy.
   It makes you more stealthy.
Magical devices
 k - a wand of digging (8)
 x - a wand of teleportation (0)
 P - a wand of fireball (10)
 U - a wand of heal wounds (4)
 V - a wand of heal wounds (2)
 Y - a wand of teleportation (5)
Scrolls
 g - 3 scrolls of enchant armour
 h - 4 scrolls of summoning
 l - 20 scrolls of identify
 m - 36 scrolls of teleportation
 n - 41 scrolls of remove curse
 s - 5 scrolls of silence
 t - 4 scrolls of blinking
 u - 9 scrolls of magic mapping
 w - 7 scrolls of fear
 y - 11 scrolls of fog
 D - 4 scrolls of enchant weapon
 G - 2 scrolls of holy word
 H - 13 scrolls of amnesia
 R - 7 scrolls of recharging
Potions
 c - 18 potions of curing
 d - 9 potions of might
 e - a potion of flight
 o - 11 potions of heal wounds
 r - 3 potions of agility
 z - 6 potions of cancellation
 F - 3 potions of invisibility
 S - 4 potions of resistance
Books
 C - a Necronomicon

   Spells                             Type                      Level
   a - Haunt                          Necromancy/Summoning         7
   b - Borgnjor's Revivification      Necromancy                   8
   c - Death's Door                   Charms/Necromancy            8
   d - Necromutation                  Transmutation/Necromancy     8
Miscellaneous
 b - a phial of floods
 f - a fan of gales
 B - a legendary deck of defence
 I - 4 phantom mirrors
Comestibles
 j - 26 meat rations
 T - 12 bread rations


   Skills:
 O Level 27 Fighting
 O Level 27 Maces & Flails
 + Level 24.2 Armour
 + Level 24.0 Dodging
 + Level 24.1 Shields
 - Level 15.0 Invocations
 - Level 10.7 Evocations


You had 26 spell levels left.
You didn't know any spells.

Dungeon Overview and Level Annotations

Branches:
Dungeon (15/15)            Temple (1/1) D:4            Lair (8/8) D:9
 Shoals (4/4) Lair:5       Spider (4/4) Lair:4        Slime (6/6) Lair:7
    Orc (4/4) D:9             Elf (3/3) Orc:4        Vaults (5/5) D:13
  Crypt (0/3) Vaults:3     Depths (5/5) D:15            Zot (5/5) Depths:5

Altars:
Ashenzari
Cheibriados
Dithmenos
Elyvilon
Fedhas
Gozag
Makhleb
Nemelex Xobeh
Okawaru
Qazlal
Ru
Sif Muna
Trog
Vehumet
Xom
Yredelemnul
Zin
The Shining One
Beogh
Jiyva

Shops:
D:9 (   D:10 !   D:11 :   D:13 *   D:14 !   Orc:4 (([[   Elf:1 !}}   Elf:2 *
Vaults:1 *}:??   Vaults:2 *   Vaults:3 !   Vaults:5 %%!?   Depths:1 [
Depths:2 }   Depths:3 *

Portals:
Hell: Depths:1 Depths:2 Depths:3 Depths:4 Depths:5
Abyss: Depths:4 Depths:5
Pandemonium: Depths:3

Annotations:
Shoals:4 Ilsuiw


Innate Abilities, Weirdness & Mutations

You reflexively headbutt those who attack you in melee.
You have a pair of horns on your head.
You are dopey. (Int -2)


Message History

HP restored.
There is a stone staircase leading up here.
You climb upwards.
There is a stone staircase leading down here.
There is a stone staircase leading up here.
You climb upwards.
There is a stone staircase leading down here.
(D) Dungeon (T) Temple (L) Lair (A) Shoals (N) Spider Nest (M) Slime Pits (O) Orcish Mines (E) Elven Halls (V) Vaults (C) Crypt (U) Depths (H) Hell (Z) Zot
Where to? (Enter - D:1, ? - help)
Okay, then.
Evoke which item? (* to show all) (? for menu, Esc to quit)
Zapping:
k - a wand of digging (9)
Press: ? - help, Shift-Dir - straight line The rock shatters into small pieces.
This wand has 8 charges left.
There is a staircase leading out of the dungeon here.
You can't go down here!
You have escaped!

#####.##.#...#..<#.#.##.#........
#.#####.###.####............. #.#
#.# #.######.....###### #.# ##.#
#..#...#...........
#.####..####.#.#.##.##.......
#.##..#..###.#.#.##....(.....
#.#.####.##.##.#.##.#........
#†#.# #<....##.#.##.#........
#.#.# ###..#@#.#....##.......
#.#.######.###.####.##.......
#..............#..#.##.......
#####.#...........#.#######'#
#.#.#####..##.#.# #... #...#
##....#.### #... ##### #.##.....#
#...
################.##.#.#.####.#.
#..............#.##...#...(....


There were no monsters in sight!

Vanquished Creatures
  11 ancient liches
  3 orbs of fire (Zot:5)
  A pandemonium lord (D:7)
  Mara (Spider:4)
  5 Killer Klowns
  A curse toe (Zot:5)
  A caustic shrike (Depths:3)
  11 golden dragons
  Nikola (Spider:4)
  7 bone dragons
  A Brimstone Fiend (Depths:3)
  Arachne (Spider:2)
  8 liches
  4 electric golems
  Jorgrun (Depths:4)
  A hellephant (Abyss:4)
  23 Orb Guardians
  18 tentacled monstrosities
  3 Ice Fiends
  Asterion (Spider:4)
  6 titans
  3 deep elf master archers
  24 acid blobs
  3 deep elf blademasters
  2 Executioners (Abyss:4)
  A sphinx (Depths:5)
  An octopode crusher (Depths:4)
  20 tentacled starspawn
  Agnes (Spider:4)
  13 storm dragons
  Kirke (Elf:1)
  3 revenants
  5 shadow dragons
  5 draconian monks
  7 tengu reavers
  A daeva (Abyss:1)
  7 azure jellies
  Donald (Spider:2)
  5 draconian knights
  10 fire giants
  2 iron dragons
  19 frost giants
  3 deep elf sorcerers (Elf:3)
  17 vault wardens
  4 orc warlords
  Aizul (Spider:2)
  Louise (D:15)
  11 ghost moths
  A cacodemon (Abyss:1)
  7 emperor scorpions
  4 draconian scorchers
  12 ironheart preservers
  5 draconian zealots
  2 angels (Abyss:4)
  A ghost moth (shapeshifter) (Vaults:4)
  8 draconian shifters
  A spriggan defender (Depths:3)
  3 balrugs
  5 draconian annihilators
  A stone giant (shapeshifter) (Elf:1)
  37 very ugly things
  21 stone giants
  7 vampire knights
  A reaper (Depths:1)
  5 green draconians
  4 draconian callers
  6 deep elf demonologists
  Nessos (Lair:8)
  2 war gargoyles (Vaults:5)
  9 black draconians
  5 deep elf annihilators
  2 lorocyprocas
  5 red draconians
  23 yellow draconians
  4 salamander stormcallers
  10 white draconians
  8 purple draconians
  4 mottled draconians
  2 dire elephants
  Snorg (D:11)
  A blizzard demon (Zig:4)
  A green death (D:9)
  5 merfolk javelineers (Shoals:4)
  A crystal guardian (Vaults:2)
  The ghost of urechis the Brawler, a powerful TrMo (Lair:1)
  10 merfolk impalers
  29 vault guards
  8 deep elf death magi
  15 ettins
  2 deep elf high priests (Elf:3)
  18 great orbs of eyes
  4 death oozes
  7 entropy weavers
  12 ogre magi
  22 yaktaur captains
  A jiangshi (Zig:11)
  20 fire dragons
  3 death cobs
  6 hydras
  Harold (D:12)
  9 ice dragons
  2 death knights (Vaults:3)
  13 centaur warriors
  4 merfolk avatars
  2 satyrs
  4 spriggan air magi
  Erica (D:9)
  7 merfolk aquamancers
  A catoblepas (Lair:8)
  An anaconda (shapeshifter) (Zig:6)
  7 rakshasas
  The ghost of Oddysee the Basher, a powerful GrFi of Cheibriados (D:9)
  An alligator (shapeshifter) (Elf:2)
  10 deep troll shamans
  13 dancing weapons
  4 tengu warriors
  12 death yaks
  A titan zombie (Vaults:4)
  A queen ant (Spider:1)
  3 vampire magi
  8 deep troll earth magi
  13 deep elf knights
  Urug (Lair:4)
  5 hell knights
  5 sun demons
  3 orc high priests
  22 thrashing horrors
  3 spriggan berserkers
  2 soul eaters
  A fire crab (shapeshifter) (Depths:3)
  6 hell hogs
  13 wretched stars
  2 fire crabs
  4 iron trolls
  A storm dragon skeleton (Abyss:1)
  8 shadow wraiths
  4 spatial maelstroms
  A sea snake (shapeshifter) (Vaults:1)
  2 death drakes (Abyss:4)
  8 skeletal warriors (Vaults:2)
  11 sea snakes
  4 ice devils
  A golden dragon zombie (Depths:1)
  5 flayed ghosts
  A swamp dragon (shapeshifter) (Depths:5)
  A deep troll (shapeshifter) (Depths:2)
  17 ironbrand convokers
  7 hill giants
  An ice statue (Vaults:4)
  3 phantasmal warriors
  3 unseen horrors
  15 deep elf conjurers
  10 necromancers
  29 deep trolls
  2 putrid demonspawn (D:10)
  18 orc knights
  A shadow dragon zombie (Depths:1)
  An anaconda skeleton (Abyss:1)
  2 mana vipers (Abyss:4)
  10 giant orange brains
  16 deep elf summoners
  3 wolf spider zombies
  A harpy (shapeshifter) (Vaults:5)
  17 orb spiders
  A shadow dragon skeleton (Vaults:3)
  18 harpies
  A frost giant zombie (Abyss:1)
  8 hornets
  2 salamanders
  5 water nymphs
  An oklob plant (Zot:1)
  2 human zombies (Vaults:4)
  28 wolf spiders
  15 cyclopes
  A water nymph (shapeshifter) (Vaults:4)
  15 shining eyes
  5 wizards
  6 worldbinders
  98 ugly things
  9 orc sorcerers
  A mana viper (shapeshifter) (Depths:5)
  4 fauns
  A moth of wrath (shapeshifter) (Vaults:4)
  12 manticores
  9 griffons
  31 moths of wrath
  An octopode (shapeshifter) (Elf:3)
  An iron dragon skeleton (Abyss:1)
  4 sixfirhies
  15 elephants
  11 sirens
  A torpor snail (Lair:7)
  27 smoke demons
  A spiny frog (shapeshifter) (Depths:3)
  A frost giant skeleton (Vaults:3)
  3 guardian serpents
  6 black mambas
  A rust devil (Depths:4)
  9 efreet
  14 spiny frogs
  Psyche (D:11)
  3 eyes of devastation
  20 vault sentinels
  A hellion (D:9)
  3 apocalypse crabs
  2 gargoyles (D:13)
  An orange crystal statue (Zig:1)
  10 orange demons
  2 kobold demonologists
  An emperor scorpion zombie (Abyss:1)
  A storm dragon simulacrum (Vaults:5)
  3 tormentors
  A fire drake (shapeshifter) (Depths:3)
  A komodo dragon (shapeshifter) (Vaults:5)
  A yaktaur skeleton (Vaults:4)
  16 demonic crawlers
  6 hellwings
  A queen bee (Spider:1)
  8 trolls
  17 deep elf priests
  2 trolls (shapeshifter)
  5 komodo dragons
  3 fire drakes
  A catoblepas skeleton (Abyss:1)
  37 merfolk
  64 yaktaurs
  61 large abominations
  4 polar bears
  6 tengu conjurers
  A silent spectre (Abyss:3)
  A guardian mummy (Depths:3)
  3 blue devils
  5 red devils
  3 freezing wraiths
  13 ancient zymes
  33 jumping spiders
  3 wind drakes
  12 snapping turtles
  A boulder beetle (shapeshifter) (Depths:1)
  37 raiju
  A wind drake (shapeshifter) (Vaults:5)
  80 slime creatures
  A hydra skeleton (Abyss:1)
  16 blink frogs
  A trapdoor spider zombie (D:10)
  17 two-headed ogres
  3 ettin zombies
  23 deep elf magi
  9 boulder beetles
  A shadow (Abyss:1)
  A fire dragon zombie (Abyss:4)
  A fire giant simulacrum (Vaults:5)
  4 spriggans
  115 starcursed masses
  10 ynoxinuls
  Sigmund (D:2)
  11 flying skulls
  25 water elementals
  A redback (shapeshifter) (Abyss:4)
  A spriggan (shapeshifter) (Depths:5)
  21 tarantellas
  8 trapdoor spiders
  A dire elephant simulacrum (Abyss:1)
  37 deep elf fighters
  4 wyverns
  3 wraiths
  42 yaks
  2 humans (shapeshifter)
  35 redbacks
  A hippogriff (shapeshifter) (Vaults:4)
  4 hogs (Elf:1)
  8 basilisks
  A fire bat (Abyss:1)
  13 wargs
  8 golden eyes
  14 chaos spawn
  18 neqoxecs
  6 air elementals
  6 hungry ghosts
  A mottled dragon (D:15)
  38 small abominations
  2 spatial vortices (Abyss:4)
  16 vampire mosquitoes
  Menkaure (D:5)
  19 hippogriffs
  34 wolves
  3 insubstantial wisps (Abyss:2)
  23 soldier ants
  A deep troll skeleton (Vaults:3)
  Duvessa (D:7)
  39 spiders
  9 water moccasins
  A naga (Abyss:1)
  4 hell hounds
  60 orc warriors
  3 sky beasts
  6 wasps
  9 eyes of draining
  A black bear (shapeshifter) (Elf:2)
  8 porcupines
  3 ice beasts
  3 black bears
  61 ogres
  15 boggarts
  3 phantoms
  A boggart (shapeshifter) (Vaults:3)
  31 centaurs
  A wasp (shapeshifter) (Vaults:1)
  13 crocodiles
  3 human skeletons
  5 brain worms
  The ghost of Duffy the Vexing, an average VSEn (D:3)
  2 wyvern zombies
  27 giant frogs
  A gnoll sergeant (Zig:9)
  Dowan (D:7)
  2 earth elementals
  A scorpion (shapeshifter) (D:15)
  A wyvern skeleton (D:13)
  23 killer bees
  8 scorpions
  4 electric eels
  A human simulacrum (Vaults:4)
  6 wights (D:9)
  30 orc priests
  11 crimson imps
  8 quasits
  A jelly (shapeshifter) (Vaults:5)
  7 hounds
  53 jellies
  6 centaur zombies
  Crazy Yiuf (D:5)
  4 giant frog skeletons
  39 orc wizards
  8 centaur skeletons
  8 iron imps
  A hell rat (Depths:1)
  28 worker ants
  11 iguanas
  A lightning spire (Zig:6)
  A killer bee zombie (D:11)
  A sheep (shapeshifter) (Abyss:2)
  47 sheep
  A naga zombie (Abyss:1)
  A hound zombie (D:7)
  5 gnolls
  3 worker ant zombies
  13 adders
  115 river rats
  3 shadow imps
  4 white imps
  4 ufetubi
  6 worms
  An adder skeleton (D:7)
  An adder zombie (D:9)
  8 giant geckos
  255 orcs
  5 ball pythons
  4 giant cockroaches (D:3)
  24 hobgoblins
  19 jackals
  14 kobolds
  6 quokkas
  12 bats
  9 giant newts
  34 goblins
  A jackal skeleton (D:4)
  12 rats
  10 crawling corpses
  3 fire vortices
  A plant (Shoals:1)
  12 starspawn tentacles
3706 creatures vanquished.

Vanquished Creatures (collateral kills)
  the royal jelly (Slime:6)
  A great orb of eyes (Slime:6)
2 creatures vanquished.

Vanquished Creatures (others)
  A pandemonium lord (Zig:8)
  A deep elf blademaster (Elf:3)
  A deep elf sorcerer (Elf:3)
  A draconian scorcher (Zot:1)
  An ironheart preserver (Vaults:2)
  A deep elf demonologist (Elf:3)
  A deep elf annihilator (Elf:3)
  An ettin (Vaults:5)
  A deep elf high priest (Vaults:5)
  4 vault guards (Vaults:5)
  2 yaktaur captains (Vaults:5)
  An ogre mage (Vaults:5)
  A large abomination (Abyss:3)
  A shadow demon (Zig:8)
  A deep troll (Vaults:4)
  2 orb spiders (Spider:4)
  A necromancer (Vaults:5)
  2 ironbrand convokers
  3 ugly things
  An anubis guard (shapeshifter) (Vaults:5)
  A jumping spider (Spider:1)
  A tengu conjurer (Depths:2)
  3 yaktaurs (Vaults:5)
  A blue devil (Abyss:3)
  2 deep elf priests (Elf:3)
  A merfolk (Shoals:1)
  A yaktaur skeleton (Vaults:5)
  3 two-headed ogres (Vaults:5)
  3 redbacks
  A deep elf mage (Zig:6)
  A vampire mosquito (Vaults:2)
  A yaktaur simulacrum (Vaults:5)
  3 deep elf fighters (Elf:3)
  A soldier ant (Spider:1)
  A wasp (Spider:1)
  A boggart (Depths:3)
  An ogre (Vaults:5)
  A quasit (D:8)
  A small abomination (Abyss:4)
  3 sheep (Vaults:2)
  A worker ant (Spider:1)
  An orc (Vaults:5)
  A crawling corpse (Vaults:1)
  2 fulminant prisms (Zig:8)
  47 fungi
  4 lurking horrors
  31 plants
  38 starspawn tentacles
  209 starspawn tentacle segments
393 creatures vanquished.

Grand Total: 4101 creatures vanquished

Notes
Turn   | Place    | Note
--------------------------------------------------------------
     0 | D:1      | Oddysee the Minotaur Fighter began the quest for the Orb.
     0 | D:1      | Reached XP level 1. HP: 19/19 MP: 0/0
   119 | D:1      | Reached XP level 2. HP: 21/26 MP: 1/1
   369 | D:1      | Reached skill level 4 in Maces & Flails
   582 | D:1      | Reached XP level 3. HP: 27/31 MP: 2/2
   691 | D:1      | Gained mutation: Your mind is acute. (Int +2) [potion of beneficial mutation]
   873 | D:2      | Reached skill level 5 in Maces & Flails
  1165 | D:2      | Noticed Sigmund
  1184 | D:2      | Killed Sigmund
  1184 | D:2      | Reached skill level 7 in Maces & Flails
  1184 | D:2      | Reached XP level 4. HP: 10/39 MP: 3/3
  1184 | D:2      | Reached XP level 5. HP: 11/45 MP: 4/4
  1692 | D:2      | You fall through a shaft!
  1692 | D:3      | Found a white marble altar of Elyvilon.
  1762 | D:3      | Found a glowing drain.
  1782 | Sewer    | Entered a sewer
  1801 | Sewer    | Reached XP level 6. HP: 45/51 MP: 5/5
  2578 | D:3      | Noticed Duffy's ghost (average VSEn)
  2592 | D:3      | Killed Duffy's ghost
  2592 | D:3      | Reached skill level 8 in Maces & Flails
  3012 | D:4      | Reached skill level 9 in Maces & Flails
  3048 | D:4      | Reached XP level 7. HP: 43/57 MP: 6/6
  3182 | D:4      | Found a staircase to the Ecumenical Temple.
  3194 | Temple   | Entered the Ecumenical Temple
  3245 | Temple   | Became a worshipper of Cheibriados the Contemplative
  3565 | D:4      | Gained mutation: You have a pair of large horns on your head. [potion of mutation]
  3565 | D:4      | Gained mutation: Armour fits poorly on your strangely shaped body. [potion of mutation]
  3565 | D:4      | Gained mutation: Potions and wands are less effective at restoring your health. [potion of mutation]
  3566 | D:4      | Gained mutation: Your mind is very acute. (Int +4) [potion of mutation]
  3566 | D:4      | Gained mutation: You tend to lose your temper in combat. [potion of mutation]
  3566 | D:4      | Gained mutation: You are agile. (Dex +2) [potion of mutation]
  3567 | D:4      | Gained mutation: Your skin changes colour to match your surroundings (Stealth). [potion of mutation]
  3567 | D:4      | Gained mutation: You are frail (-10% HP). [potion of mutation]
  3592 | D:5      | Entered Level 5 of the Dungeon
  3598 | D:5      | Reached skill level 10 in Maces & Flails
  3769 | D:5      | Noticed Menkaure
  3774 | D:5      | Killed Menkaure
  3778 | D:5      | Reached skill level 5 in Fighting
  3932 | D:5      | Acquired Cheibriados's first power
  4053 | D:5      | Reached XP level 8. HP: 63/63 MP: 7/7
  4218 | D:5      | Noticed Crazy Yiuf
  4222 | D:5      | Killed Crazy Yiuf
  4400 | D:6      | Found a glowing golden altar of the Shining One.
  5191 | D:7      | Noticed Duvessa
  5191 | D:7      | Noticed Dowan
  5198 | D:7      | Killed Duvessa
  5210 | D:7      | Killed Dowan
  5210 | D:7      | Reached skill level 10 in Fighting
  5420 | D:7      | Reached XP level 9. HP: 75/77 MP: 8/8
  5421 | D:7      | Acquired Cheibriados's second power
  5621 | D:7      | Found a sparkling altar of Nemelex Xobeh.
  6187 | D:8      | Found a bloodstained altar of Trog.
  6188 | D:8      | Found a shattered altar of Ashenzari.
  6188 | D:8      | Found a glowing silver altar of Zin.
  6188 | D:8      | Found a radiant altar of Vehumet.
  6190 | D:8      | Found a sacrificial altar of Ru.
  6193 | D:8      | Found a deep blue altar of Sif Muna.
  6209 | D:8      | Reached skill level 11 in Fighting
  6240 | D:8      | Found an opulent altar of Gozag.
  6244 | D:8      | Got a pair of dazzling boots
  6255 | D:8      | Identified the +1 pair of boots of Philately {-Cast Dex+9} (You found it on level 8 of the Dungeon)
  6258 | D:8      | Found a shadowy altar of Dithmenos.
  6417 | D:8      | Acquired Cheibriados's third power
  6569 | D:8      | Found a burning altar of Makhleb.
  6595 | D:9      | Noticed Oddysee's ghost (powerful GrFi)
  6605 | D:8      | Reached skill level 12 in Fighting
  6783 | D:9      | Killed Oddysee's ghost
  6783 | D:9      | Reached skill level 13 in Fighting
  6913 | D:9      | Noticed Erica
  6920 | D:9      | Killed Erica
  6920 | D:9      | Reached XP level 10. HP: 50/90 MP: 9/9
  7162 | D:9      | Reached skill level 5 in Armour
  7162 | D:9      | Reached skill level 5 in Shields
  7210 | D:9      | Found a staircase to the Orcish Mines.
  7210 | D:9      | Found Ijepseokh's Weapon Shoppe.
  7497 | D:9      | Found a staircase to the Lair.
  7498 | D:9      | Noticed a fire drake
  7502 | D:9      | Killed a fire drake
  7502 | D:9      | Acquired Cheibriados's fourth power
  7571 | D:9      | Gained mutation: You can spit weak poison. [mutagenic meat]
  7572 | D:9      | Lost mutation: You can spit weak poison. [mutagenic meat]
  7573 | D:9      | Gained mutation: You are somewhat resistant to further mutation. [mutagenic meat]
  7690 | D:9      | Found an iron altar of Okawaru.
  8101 | Lair:1   | Entered Level 1 of the Lair of Beasts
  8231 | Lair:1   | Noticed urechis's ghost (powerful TrMo)
  8239 | Lair:1   | Killed urechis's ghost
  9072 | Lair:2   | Reached XP level 11. HP: 89/96 MP: 10/10
  9292 | Lair:2   | Noticed an eight-headed hydra
  9296 | Lair:2   | Killed an eight-headed hydra
  9800 | Lair:2   | Reached skill level 10 in Armour
  9800 | Lair:2   | Reached skill level 10 in Shields
  9976 | Lair:2   | Reached skill level 1 in Dodging
  9976 | Lair:2   | Reached skill level 1 in Invocations
 10011 | Lair:3   | You fall through a shaft for 2 floors!
 10059 | Lair:4   | Noticed Urug
 10070 | Lair:4   | Killed Urug
 10343 | Lair:3   | Reached skill level 5 in Dodging
 10376 | Lair:3   | Reached skill level 5 in Invocations
 10733 | Lair:3   | Reached XP level 12. HP: 97/103 MP: 15/15
 11256 | Lair:4   | Noticed a four-headed hydra
 11262 | Lair:4   | Killed a four-headed hydra
 11357 | Lair:4   | Found a hole to the Spider Nest.
 11406 | Lair:4   | Noticed an eight-headed hydra
 11413 | Lair:4   | Killed an eight-headed hydra
 12391 | Lair:5   | Reached skill level 10 in Dodging
 12488 | Lair:5   | Found a staircase to the Shoals.
 12582 | Lair:5   | Reached XP level 13. HP: 109/109 MP: 19/19
 13009 | Lair:5   | Identified a scroll of acquirement
 13010 | Lair:5   | Got a smoking buckler
 13011 | Lair:5   | Identified the +3 buckler of Doen {+Blink} (You acquired it on level 5 of the Lair of Beasts)
 13860 | Lair:7   | Reached skill level 14 in Maces & Flails
 14270 | Lair:7   | Found a viscous altar of Jiyva.
 14270 | Lair:7   | Found a staircase to the Slime Pits.
 14346 | Lair:7   | Reached skill level 15 in Maces & Flails
 14867 | Lair:8   | Entered Level 8 of the Lair of Beasts
 14964 | Lair:8   | Noticed Nessos
 14972 | Lair:8   | Killed Nessos
 15382 | Lair:8   | Reached XP level 14. HP: 116/116 MP: 20/20
 15478 | Lair:8   | Reached skill level 16 in Maces & Flails
 16347 | Lair:8   | Noticed a dire elephant
 16356 | Lair:8   | Killed a dire elephant
 17098 | Orc:1    | Entered Level 1 of the Orcish Mines
 17637 | Orc:2    | Reached skill level 10 in Invocations
 18655 | Orc:4    | Entered Level 4 of the Orcish Mines
 18655 | Orc:4    | Noticed an orc warlord
 18668 | Orc:3    | Killed an orc warlord
 18814 | Orc:4    | Found a roughly hewn altar of Beogh.
 18847 | Orc:4    | Found a staircase to the Elven Halls.
 18998 | Orc:4    | Found a roughly hewn altar of Beogh.
 19119 | Orc:4    | Found a roughly hewn altar of Beogh.
 19139 | Orc:4    | Found Acafounu's Armour Shop.
 19208 | Orc:4    | Noticed an orc warlord
 19228 | Orc:4    | Killed an orc warlord
 19276 | Orc:4    | Found Quddajew's Antique Armour Shoppe.
 19277 | Orc:4    | Found a roughly hewn altar of Beogh.
 19278 | Orc:4    | Found Jocliawn's Antique Weapon Emporium.
 19364 | Orc:4    | Found a roughly hewn altar of Beogh.
 19428 | Orc:4    | Found a roughly hewn altar of Beogh.
 19485 | Orc:4    | Found a roughly hewn altar of Beogh.
 19486 | Orc:4    | Found Sacom's Magic Scroll Shoppe.
 19523 | Orc:4    | Found Xiqiremose's Weapon Shop.
 19531 | Orc:4    | Bought the cursed +0 morningstar "Giacvahu" {vamp, rElec Dex+2 Stlth+} for 330 gold pieces
 19595 | Orc:4    | Bought the +2 pair of gloves of Faiqog {rC+ rCorr Str+4 Int+7} for 800 gold pieces
 19737 | D:10     | Entered Level 10 of the Dungeon
 19737 | D:10     | Found Pyeneh's Distillery.
 19772 | D:10     | Bought a potion of curing for 48 gold pieces
 19772 | D:10     | Bought 2 potions of curing for 96 gold pieces
 19772 | D:10     | Bought a potion of heal wounds for 80 gold pieces
 19999 | D:10     | Reached skill level 15 in Fighting
 20218 | D:11     | Gained mutation: You are partially covered in molten scales (AC +1). [mutagenic meat]
 20292 | D:11     | Noticed Snorg
 20299 | D:11     | Killed Snorg
 20398 | D:11     | Lost mutation: You have a pair of large horns on your head. [potion of mutation]
 20533 | D:11     | Noticed Psyche
 20538 | D:11     | Killed Psyche
 20694 | D:11     | Found Nekuq's Book Emporium.
 21014 | D:12     | Noticed Harold
 21029 | D:12     | Killed Harold
 21029 | D:12     | Reached XP level 15. HP: 126/126 MP: 22/22
 21370 | D:12     | You fall through a shaft for 3 floors!
 21370 | D:15     | Entered Level 15 of the Dungeon
 21412 | D:15     | Noticed Louise
 21420 | D:15     | Killed Louise
 21624 | D:15     | Found a shadowy altar of Dithmenos.
 22123 | D:15     | Found a staircase to the Depths.
 22803 | D:14     | Found Jeer's Distillery.
 22826 | D:14     | Bought a potion of heal wounds for 80 gold pieces
 22826 | D:14     | Bought a potion of heal wounds for 80 gold pieces
 22826 | D:14     | Bought a potion of curing for 48 gold pieces
 22826 | D:14     | Bought a potion of curing for 48 gold pieces
 23147 | D:14     | Upgraded the game from 0.17-a0-1567-gdd419b1 to 0.17-a0-1570-g74b7129
 23713 | D:13     | Found a gate to the Vaults.
 23858 | D:13     | Found Uqunach's Pet Rocks.
 24205 | Shoals:1 | Entered Level 1 of the Shoals
 25008 | Shoals:2 | Reached XP level 16. HP: 118/134 MP: 23/23
 25559 | Shoals:3 | Reached skill level 15 in Armour
 25612 | Shoals:3 | Reached skill level 15 in Shields
 26226 | Shoals:4 | Entered Level 4 of the Shoals
 26446 | Shoals:4 | Cast into the Abyss (merfolk impaler)
 26544 | Abyss:1  | Found a corrupted altar of Lugonu.
 26690 | Abyss:1  | Found an iron altar of Okawaru.
 26752 | Abyss:1  | Noticed a tentacled starspawn
 26768 | Abyss:1  | Killed a tentacled starspawn
 26795 | Abyss:1  | Paralysed by accursed screaming for 1 turns
 27000 | Abyss:1  | Noticed a bone dragon
 27018 | Abyss:1  | Killed a bone dragon
 27074 | Abyss:1  | Noticed a lich
 27074 | Abyss:1  | Paralysed by a lich for 7 turns
 27093 | Abyss:1  | Killed a lich
 27093 | Abyss:1  | Reached XP level 17. HP: 59/140 MP: 24/24
 27238 | Shoals:4 | Escaped the Abyss
 27295 | Shoals:4 | Got a barnacled rune of Zot
 27417 | Shoals:4 | Noticed Ilsuiw
 27820 | Shoals:4 | Reached skill level 15 in Dodging
 27939 | Shoals:4 | Got a heavily runed golden ring
 27941 | Shoals:4 | Identified the ring "Noosit" {Fire rElec rPois rN+ Str-5 Stlth+} (You found it on level 4 of the Shoals)
 28287 | Spider:1 | Entered Level 1 of the Spider Nest
 28376 | Spider:1 | Gained mutation: Your natural rate of healing is unusually fast. [mutagenic meat]
 28379 | Spider:1 | Lost mutation: Potions and wands are less effective at restoring your health. [mutagenic meat]
 29262 | Spider:2 | Noticed Donald
 29282 | Spider:2 | Killed Donald
 29313 | Spider:2 | Noticed Arachne
 29332 | Spider:2 | Killed Arachne
 29528 | Spider:2 | Reached skill level 17 in Dodging
 29663 | Spider:2 | Noticed Aizul
 29687 | Spider:2 | Killed Aizul
 29722 | Spider:2 | Got a pair of ancient boots
 29732 | Spider:2 | Identified the +0 pair of boots of Zin's Envy {rN+ Int+3} (You acquired it on level 2 of the Spider Nest)
 30059 | Spider:2 | Reached XP level 18. HP: 146/146 MP: 25/25
 31249 | Spider:4 | Entered Level 4 of the Spider Nest
 31287 | Spider:4 | Got a pair of encrusted boots
 31294 | Spider:4 | Identified the +1 pair of boots of Lesuc {rF+++ rC+ Str-2 SInv} (You acquired it on level 4 of the Spider Nest)
 31430 | Spider:4 | Noticed Nikola
 31448 | Spider:4 | Killed Nikola
 31494 | Spider:4 | Noticed Agnes
 31505 | Spider:4 | Killed Agnes
 31513 | Spider:4 | Noticed Mara
 31515 | Spider:4 | Noticed Oddysee's illusion
 31518 | Spider:4 | Noticed Asterion
 31534 | Spider:4 | Noticed Oddysee's illusion
 31670 | Spider:4 | Killed Asterion
 31686 | Spider:4 | Noticed Oddysee's illusion
 32071 | Spider:4 | Got a gossamer rune of Zot
 32127 | Spider:4 | Noticed Oddysee's illusion
 32145 | Spider:4 | Killed Mara
 33229 | Vaults:1 | Entered Level 1 of the Vaults
 33305 | Vaults:1 | Found Woos's Assorted Antiques.
 33309 | Vaults:1 | Found Biubbi Doxic's Gadget Boutique.
 33322 | Vaults:1 | Bought a scroll of fog for 68 gold pieces
 33322 | Vaults:1 | Bought a scroll of identify for 68 gold pieces
 33410 | Vaults:1 | Found Oqurgh's Magic Scroll Emporium.
 33417 | Vaults:1 | Bought a scroll of enchant armour for 112 gold pieces
 33417 | Vaults:1 | Bought a scroll of recharging for 142 gold pieces
 33417 | Vaults:1 | Bought a scroll of enchant weapon for 112 gold pieces
 33417 | Vaults:1 | Bought a scroll of identify for 30 gold pieces
 33417 | Vaults:1 | Bought a scroll of enchant weapon for 112 gold pieces
 33417 | Vaults:1 | Bought a scroll of brand weapon for 300 gold pieces
 33431 | Vaults:1 | Found Kuzen's Magic Scroll Shop.
 33439 | Vaults:1 | Bought a scroll of identify for 26 gold pieces
 33439 | Vaults:1 | Bought a scroll of identify for 26 gold pieces
 33439 | Vaults:1 | Bought a scroll of identify for 26 gold pieces
 33439 | Vaults:1 | Bought a scroll of identify for 26 gold pieces
 33675 | Vaults:1 | Reached XP level 19. HP: 159/159 MP: 28/28
 33723 | Vaults:1 | Lost mutation: You are frail (-10% HP). [mutagenic meat]
 33726 | Vaults:1 | Lost mutation: You are agile. (Dex +2) [mutagenic meat]
 33898 | Vaults:1 | Found Oxtuki's Book Shop.
 34174 | Vaults:1 | Reached skill level 18 in Fighting
 34230 | Vaults:1 | Gained mutation: You are agile. (Dex +2) [mutagenic meat]
 34266 | Vaults:1 | Got a twisted whip
 34268 | Vaults:1 | Identified the cursed +2 whip "Wainn" {slash, SInv} (You found it on level 1 of the Vaults)
 34302 | Vaults:1 | Reached skill level 15 in Invocations
 34752 | Vaults:2 | Found Hahairye's Assorted Antiques.
 35057 | Vaults:2 | Reached skill level 19 in Fighting
 35110 | Vaults:2 | Lost mutation: You are somewhat resistant to further mutation. [mutagenic meat]
 35111 | Vaults:2 | Gained mutation: Scrolls take you a little longer to read. [mutagenic meat]
 35112 | Vaults:2 | Lost mutation: You are agile. (Dex +2) [mutagenic meat]
 35267 | Vaults:2 | Gained mutation: You have an increased reservoir of magic (+10% MP). [mutagenic meat]
 35269 | Vaults:2 | Gained mutation: Your system is resistant to poisons. [mutagenic meat]
 35270 | Vaults:2 | Gained mutation: You can translocate small distances at will. [mutagenic meat]
 35272 | Vaults:2 | Lost mutation: Scrolls take you a little longer to read. [mutagenic meat]
 35492 | Vaults:2 | Bought a scroll of enchant weapon for 217 gold pieces
 35787 | Vaults:2 | Reached XP level 20. HP: 191/191 MP: 33/33
 36149 | Vaults:2 | Gained mutation: You are partially covered in rough black scales (AC +4, Dex -1). [mutagenic meat]
 36522 | Vaults:3 | Found Xoruhylewk's Distillery.
 36554 | Vaults:3 | Gained mutation: You are weak. (Str -2) [mutagenic meat]
 36556 | Vaults:3 | Lost mutation: You have an increased reservoir of magic (+10% MP). [mutagenic meat]
 36557 | Vaults:3 | Gained mutation: You are partially covered in large bone plates (AC +2, SH +2). [mutagenic meat]
 36566 | Vaults:3 | Bought a potion of heal wounds for 75 gold pieces
 36809 | Vaults:3 | Reached skill level 20 in Fighting
 36870 | Vaults:3 | Found a staircase to the Crypt.
 38008 | Vaults:4 | Reached skill level 21 in Fighting
 38502 | Vaults:4 | Reached XP level 21. HP: 192/204 MP: 31/31
 38588 | Vaults:4 | Lost mutation: You are weak. (Str -2) [potion of beneficial mutation]
 38589 | Vaults:4 | Gained mutation: You are agile. (Dex +2) [potion of beneficial mutation]
 39517 | Depths:1 | Entered Level 1 of the Depths
 39630 | Depths:1 | Found Decoumej's Antique Armour Emporium.
 39633 | Depths:1 | Bought a runed plate armour for 552 gold pieces
 39781 | Depths:1 | Reached skill level 22 in Fighting
 40011 | Depths:1 | Found a gateway to Hell.
 40718 | Depths:2 | Cast into the Abyss (a lich)
 41015 | Abyss:1  | Noticed a lich
 41031 | Abyss:1  | Killed a lich
 41118 | Abyss:1  | Gained mutation: Scrolls take you a little longer to read. [a neqoxec]
 41126 | Abyss:1  | Lost mutation: Your system is resistant to poisons. [a neqoxec]
 41567 | Abyss:1  | Reached skill level 23 in Fighting
 41725 | Abyss:1  | Found a corrupted altar of Lugonu.
 41761 | Depths:2 | Escaped the Abyss
 41772 | Depths:2 | Reached XP level 22. HP: 217/220 MP: 32/32
 42337 | Depths:2 | Found Xeunk's Gadget Boutique.
 42598 | Depths:3 | Found Ihopnogg's Assorted Antiques.
 42742 | Depths:3 | Found a one-way gate leading to the halls of Pandemonium.
 42748 | Depths:3 | Identified the Reference Book on Changing
 42815 | Depths:3 | Found a portal to a secret trove of treasure.
 43623 | D:10     | Bought a potion of haste for 160 gold pieces
 43724 | D:14     | Bought a potion of haste for 160 gold pieces
 43724 | D:14     | Bought a potion of haste for 160 gold pieces
 44047 | Depths:3 | Noticed an ancient lich
 44048 | Depths:3 | Found a gateway to a ziggurat.
 44065 | Depths:3 | Killed an ancient lich
 44179 | Depths:3 | You paid a toll of 6 potions of haste to enter a treasure trove
 44180 | Trove    | Entered a treasure trove
 44199 | Trove    | Got a scintillating bronze ring
 44202 | Trove    | Identified the ring of Labburih {+Fly rN+} (You found it in a treasure trove)
 44419 | Depths:3 | Paralysed by a great orb of eyes for 3 turns
 45318 | Depths:4 | Noticed Jorgrun
 45326 | Depths:4 | Killed Jorgrun
 45350 | Depths:4 | Got a warped pewter amulet
 45402 | Depths:4 | Reached XP level 23. HP: 226/226 MP: 33/33
 45582 | Depths:4 | Found a one-way gate to the infinite horrors of the Abyss.
 46161 | Depths:4 | Identified the amulet of Suvasues {rMut Str+3 Stlth+} (You took it off a frost giant on level 4 of the Depths)
 46187 | Depths:5 | Entered Level 5 of the Depths
 46188 | Depths:5 | Upgraded the game from 0.17-a0-1570-g74b7129 to 0.17-a0-1572-g7a1422d
 46268 | Depths:5 | Found a gate to the Realm of Zot.
 47021 | Depths:5 | Paralysed by a great orb of eyes for 2 turns
 47294 | Depths:1 | Paralysed by a vampire knight for 5 turns
 47623 | Elf:1    | Entered Level 1 of the Elven Halls
 47829 | Elf:1    | Found Nagikk's Gadget Shoppe.
 47982 | Elf:1    | Found Ycoad's Gadget Shop.
 48003 | Elf:1    | Noticed Kirke
 48129 | Elf:1    | Killed Kirke
 48454 | Elf:1    | Found Zymusmiu's Distillery.
 48462 | Elf:1    | Bought a potion of heal wounds for 60 gold pieces
 48462 | Elf:1    | Bought a potion of curing for 36 gold pieces
 48462 | Elf:1    | Bought a potion of curing for 36 gold pieces
 48462 | Elf:1    | Bought a potion of heal wounds for 60 gold pieces
 48462 | Elf:1    | Bought 2 potions of heal wounds for 120 gold pieces
 48462 | Elf:1    | Bought a potion of heal wounds for 60 gold pieces
 48859 | Elf:2    | Cast into the Abyss (dire flail of distortion)
 48963 | Abyss:1  | Reached XP level 24. HP: 235/235 MP: 33/33
 49019 | Abyss:1  | Found a corrupted altar of Lugonu.
 49150 | Elf:2    | Escaped the Abyss
 49266 | Elf:2    | Found a huge runed gate.
 49266 | Elf:2    | Found a huge runed gate.
 49266 | Elf:2    | Found a huge runed gate.
 49267 | Elf:2    | Found a huge runed gate.
 49268 | Elf:2    | Found a huge runed gate.
 49567 | Elf:2    | Found Aduxoz's General Store.
 49578 | Elf:2    | Bought a potion of curing for 60 gold pieces
 49780 | Elf:2    | Reached skill level 1 in Evocations
 49983 | Elf:3    | Entered Level 3 of the Elven Halls
 50018 | Elf:3    | Cast into the Abyss (a deep elf demonologist)
 50135 | Abyss:2  | Paralysed by accursed screaming for 1 turns
 50154 | Abyss:2  | Reached skill level 5 in Evocations
 50217 | Elf:3    | Escaped the Abyss
 50330 | Elf:3    | Found a flickering gateway to a bazaar.
 50337 | Bazaar   | Entered a bazaar
 50337 | Bazaar   | Found Hoorow's Antique Weapon Boutique.
 50337 | Bazaar   | Found Caunufasm's Armour Shop.
 50337 | Bazaar   | Found Plog's Weapon Shop.
 50555 | Elf:3    | Cast into the Abyss (a deep elf demonologist)
 50805 | Abyss:1  | Found a corrupted altar of Lugonu.
 51679 | Abyss:2  | Reached skill level 24 in Fighting
 51864 | Abyss:2  | Paralysed by accursed screaming for 1 turns
 51867 | Abyss:2  | Paralysed by accursed screaming for 2 turns
 51912 | Abyss:3  | Found a sparkling altar of Nemelex Xobeh.
 52517 | Abyss:4  | Reached skill level 25 in Fighting
 52704 | Abyss:4  | Reached XP level 25. HP: 240/250 MP: 33/33
 53165 | Abyss:4  | Reached skill level 26 in Fighting
 53620 | Abyss:4  | Paralysed by accursed screaming for 1 turns
 53681 | Abyss:4  | Got an abyssal rune of Zot
 53692 | Abyss:4  | Paralysed by accursed screaming for 1 turns
 53817 | Elf:3    | Escaped the Abyss
 54018 | Elf:3    | Reached skill level 27 in Fighting
 54224 | Elf:3    | Identified the Volume of Transmutation
 54264 | Elf:3    | Got a warped gold dragon armour
 54292 | Elf:3    | Identified the +8 gold dragon armour of the Eleven Seas {*Contam rElec rPois rF+ rC+ Str+3 Stlth+} (You found it on level 3 of the Elven Halls)
 54331 | Elf:3    | Lost mutation: You are agile. (Dex +2) [mutagenic glow]
 55057 | Vaults:5 | Entered Level 5 of the Vaults
 55145 | Vaults:5 | Reached skill level 10 in Evocations
 55255 | Vaults:5 | Got a scintillating silver amulet
 55366 | Vaults:5 | Reached XP level 26. HP: 262/266 MP: 32/33
 55465 | Vaults:5 | Identified the amulet "Wocib" {Stasis MP+9} (You took it off a fire giant on level 5 of the Vaults)
 55591 | Vaults:5 | Found Deecsiesh's Magic Scroll Emporium.
 55596 | Vaults:5 | Bought a scroll of acquirement for 780 gold pieces
 55596 | Vaults:5 | Bought a scroll of enchant weapon for 112 gold pieces
 55596 | Vaults:5 | Bought a scroll of summoning for 142 gold pieces
 55596 | Vaults:5 | Bought a scroll of identify for 30 gold pieces
 55596 | Vaults:5 | Bought a scroll of identify for 30 gold pieces
 55596 | Vaults:5 | Bought a scroll of identify for 30 gold pieces
 55596 | Vaults:5 | Bought a scroll of summoning for 142 gold pieces
 55599 | Vaults:5 | Got a twisted large shield
 55605 | Vaults:5 | Identified the +0 large shield "Kaimy" {rElec Str+3} (You acquired it on level 5 of the Vaults)
 55794 | Vaults:5 | Found Ydwidynk's Food Shoppe.
 55842 | Vaults:5 | Bought a bread ration for 65 gold pieces
 55842 | Vaults:5 | Bought a bread ration for 65 gold pieces
 55842 | Vaults:5 | Bought a meat ration for 65 gold pieces
 55842 | Vaults:5 | Bought a bread ration for 65 gold pieces
 55842 | Vaults:5 | Bought a meat ration for 65 gold pieces
 55842 | Vaults:5 | Bought a bread ration for 65 gold pieces
 55842 | Vaults:5 | Bought a bread ration for 65 gold pieces
 55842 | Vaults:5 | Bought a bread ration for 65 gold pieces
 55842 | Vaults:5 | Bought a bread ration for 65 gold pieces
 56111 | Vaults:5 | Got a silver rune of Zot
 56126 | Vaults:5 | Found Zoduk's Distillery.
 56131 | Vaults:5 | Bought a potion of curing for 39 gold pieces
 56131 | Vaults:5 | Bought a potion of curing for 39 gold pieces
 56131 | Vaults:5 | Bought a potion of resistance for 130 gold pieces
 56131 | Vaults:5 | Bought a potion of cure mutation for 455 gold pieces
 56141 | Vaults:5 | Found Jaschoq's Food Boutique.
 56145 | Vaults:5 | Bought a bread ration for 60 gold pieces
 56145 | Vaults:5 | Bought a bread ration for 60 gold pieces
 56145 | Vaults:5 | Bought a meat ration for 60 gold pieces
 56145 | Vaults:5 | Bought a meat ration for 60 gold pieces
 56145 | Vaults:5 | Bought a bread ration for 60 gold pieces
 56145 | Vaults:5 | Bought a bread ration for 60 gold pieces
 56145 | Vaults:5 | Bought a meat ration for 60 gold pieces
 56145 | Vaults:5 | Bought a meat ration for 60 gold pieces
 56282 | Vaults:5 | Identified a +1 rod of shadows (10/10) (You took it off a deep elf annihilator on level 3 of the Elven Halls)
 57090 | Slime:1  | Entered Level 1 of the Pits of Slime
 58046 | Slime:5  | Gained mutation: You often lose your temper in combat. [a shining eye]
 58224 | Slime:6  | Entered Level 6 of the Pits of Slime
 58231 | Slime:6  | Gained mutation: You are frail (-10% HP). [a shining eye]
 58233 | Slime:6  | Paralysed by a great orb of eyes for 5 turns
 58281 | Slime:6  | Noticed the royal jelly
 58281 | Slime:6  | Paralysed by a great orb of eyes for 7 turns
 58294 | Slime:6  | Killed the royal jelly
 58297 | Slime:6  | your royal jelly (ally) was killed
 58348 | Slime:6  | Gained mutation: Your body sometimes deteriorates upon taking damage. [a shining eye]
 58358 | Slime:6  | Paralysed by a great orb of eyes for 4 turns
 58633 | Slime:6  | Identified Eqiemoh's Almanac of Arcane Weapons and Necromancy (You found it on level 6 of the Pits of Slime)
 58651 | Slime:6  | Got a slimy rune of Zot
 58659 | Slime:6  | Identified the Compendium of Objectivity
 58768 | Slime:6  | Got an encrusted plate armour
 58772 | Slime:6  | Identified the +4 plate armour of Fedhas {rPois rC- Int-3 Stlth+} (You found it on level 6 of the Pits of Slime)
 58776 | Slime:6  | Identified Bodghadoj's Almanac of the Rocks and Shape Shifting
 59827 | Zig:1    | Entered Level 1 of a ziggurat
 59858 | Zig:2    | Entered Level 2 of a ziggurat
 59868 | Zig:2    | Paralysed by accursed screaming for 2 turns
 59891 | Zig:2    | Identified the Catalogue of Displaced Boosts
 59895 | Zig:3    | Entered Level 3 of a ziggurat
 59935 | Zig:4    | Entered Level 4 of a ziggurat
 59972 | Zig:4    | Reached XP level 27. HP: 225/245 MP: 33/33
 59998 | Zig:4    | Got a glittering emerald amulet
 60010 | Zig:4    | Identified the amulet "Foeg" {Gourm Dex+5} (You found it on level 4 of a ziggurat)
 60023 | Zig:5    | Entered Level 5 of a ziggurat
 60077 | Zig:6    | Entered Level 6 of a ziggurat
 60163 | Zig:7    | Entered Level 7 of a ziggurat
 60244 | Zig:8    | Entered Level 8 of a ziggurat
 60256 | Zig:8    | Noticed Daid the pandemonium lord
 60282 | Zig:8    | Killed Daid the pandemonium lord
 60305 | Zig:8    | Got a fine copper ring
 60308 | Zig:8    | Identified the ring "Wiups" {+Fly Stlth+} (You found it on level 8 of a ziggurat)
 60327 | Zig:9    | Entered Level 9 of a ziggurat
 60450 | Zig:10   | Entered Level 10 of a ziggurat
 60467 | Zig:10   | Gained mutation: You have an uncontrollable temper. [a shining eye]
 60506 | Zig:10   | Paralysed by a great orb of eyes for 6 turns
 60548 | Zig:10   | Identified the Collected Works on Supportive Execration
 60577 | Zig:11   | Entered Level 11 of a ziggurat
 60581 | Zig:11   | Noticed an ancient lich
 60594 | Zig:11   | Killed an ancient lich
 60636 | Depths:3 | Paralysed by a lich for 4 turns
 61009 | Zot:1    | Entered Level 1 of the Realm of Zot
 61361 | Zot:1    | Lost mutation: You are partially covered in rough black scales (AC +4, Dex -1). [mutagenic glow]
 61398 | Zot:1    | Lost mutation: Your mind is very acute. (Int +4) [potion of cure mutation]
 61398 | Zot:1    | Lost mutation: You are partially covered in molten scales (AC +1). [potion of cure mutation]
 61398 | Zot:1    | Lost mutation: You are frail (-10% HP). [potion of cure mutation]
 61398 | Zot:1    | Lost mutation: Armour fits poorly on your strangely shaped body. [potion of cure mutation]
 61425 | Zot:1    | Lost mutation: Your natural rate of healing is unusually fast. [potion of cure mutation]
 61425 | Zot:1    | Lost mutation: Your skin changes colour to match your surroundings (Stealth). [potion of cure mutation]
 61425 | Zot:1    | Lost mutation: You have an uncontrollable temper. [potion of cure mutation]
 61425 | Zot:1    | Lost mutation: Your mind is acute. (Int +2) [potion of cure mutation]
 61425 | Zot:1    | Lost mutation: Your body sometimes deteriorates upon taking damage. [potion of cure mutation]
 61425 | Zot:1    | Lost mutation: You often lose your temper in combat. [potion of cure mutation]
 61534 | Zot:1    | Lost mutation: You are partially covered in large bone plates (AC +2, SH +2). [potion of cure mutation]
 61534 | Zot:1    | Lost mutation: You tend to lose your temper in combat. [potion of cure mutation]
 61534 | Zot:1    | Lost mutation: Scrolls take you a little longer to read. [potion of cure mutation]
 61534 | Zot:1    | Lost mutation: You can translocate small distances at will. [potion of cure mutation]
 62765 | Zot:3    | Reached skill level 27 in Maces & Flails
 64121 | Zot:5    | Entered Level 5 of the Realm of Zot
 64282 | Zot:5    | Noticed an ancient lich
 64287 | Zot:5    | Killed an ancient lich
 64305 | Zot:5    | Noticed an ancient lich
 64319 | Zot:5    | Killed an ancient lich
 64323 | Zot:5    | Noticed an orb of fire
 64326 | Zot:5    | Noticed an ancient lich
 64340 | Zot:5    | Killed an orb of fire
 64345 | Zot:5    | Killed an ancient lich
 64387 | Zot:5    | Noticed an ancient lich
 64404 | Zot:5    | Killed an ancient lich
 64454 | Zot:5    | Noticed an ancient lich
 64470 | Zot:5    | Killed an ancient lich
 64477 | Zot:5    | Noticed an orb of fire
 64481 | Zot:5    | Gained mutation: You are dopey. (Int -2) [an orb of fire]
 64489 | Zot:5    | Killed an orb of fire
 64491 | Zot:5    | Noticed an ancient lich
 64506 | Zot:5    | Killed an ancient lich
 64576 | Zot:5    | Noticed an ancient lich
 64588 | Zot:5    | Killed an ancient lich
 64634 | Zot:5    | Noticed an orb of fire
 64639 | Zot:5    | Killed an orb of fire
 64649 | Zot:5    | Got the Orb of Zot
 64712 | Zot:5    | Noticed an ancient lich
 64721 | Zot:5    | Killed an ancient lich
 65466 | D:8      | Noticed Caukheeq the pandemonium lord
 65466 | D:8      | Noticed an ancient lich
 65485 | D:7      | Killed Caukheeq the pandemonium lord
 65490 | D:7      | Killed an ancient lich
 65701 | D:$      | Escaped with the Orb!

Vault maps used:
D:1:      dpeg_arrival_round_a
D:2:      kennysheep_six_static_rooms, uniq_sigmund
D:3:      nicolae_overflow_hidden_temple, portal_sewer_entry_a
D:4:      minmay_temple_entry_poolview, first_bread
D:5:      kennysheep_generic_room_7, uniq_menkaure, uniq_crazy_yiuf_cottage
D:6:      nicolae_tso_carved_into_rock, hangedman_decor_growths
D:7:      statuecave_lemuel, nemelex_spade_bored_becter, uniq_duvessa
D:8:      lightli_temple_of_fire, minitemple, gammafunk_temple_overflow_pools
D:9:      kennysheep_mini, minmay_lair_entry_lava, orc_david_3, uniq_erica
D:10:     serial_shops, shop_fountains
D:11:     serial_shops, shop_statue, uniq_snorg, uniq_psyche
D:12:     grunt_tengu_nest, uniq_azrael, uniq_harold
D:13:     david_vaults_5, guppyfry_shop_earth
D:14:     serial_shops, shop, infiniplex_staircase_pillars_3b
D:15:     hangedman_depths_entry_try_elsewhere_first, nicolae_two_hexagons,
          kennysheep_flooded_box, roderic_lattice_a,
          nicolae_dithmenos_shadow_blocks, uniq_louise
Temple:   nicolae_temple_great_sept
Lair:2:   st_stairs_11, grunt_megastairs_1, bh_autumn_forest_stairs,
          serial_bayou_shore_a
Lair:4:   dummy_spider_entry, uniq_urug
Lair:5:   minmay_shoals_entry_beasts, grunt_megastairs_3
Lair:7:   slime_altar_1, serial_bayou_shore_b, serial_bayou_shore_b
Lair:8:   grunt_lair_end_beastmaster, infiniplex_staircase_pool, uniq_nessos
Shoals:1: nicolae_shoals_island_circles, serial_shops,
          nicolae_shop_overgrown_old_shop
Shoals:4: shoals_end_simple, shoal_ilsuiw
Spider:1: special_room, spider_trap, minivault_29
Spider:2: uniq_donald, uniq_aizul, uniq_arachne
Spider:4: grunt_spider_rune_island, uniq_asterion, uniq_mara, uniq_agnes,
          uniq_nikola
Slime:5:  uniq_dissolution
Orc:3:    nicolae_orc_pool_cavern
Orc:4:    grunt_orc_community_town_hall, grunt_orc_community_big_house_2,
          grunt_orc_community_big_house_1, grunt_orc_community_house_3,
          grunt_orc_community_house_1, grunt_orc_community_house_2,
          grunt_orc_community_house_1, basic_altar, serial_shops,
          nicolae_shop_stone
Elf:1:    serial_shops, shop_fountains, shop, shop, evilmike_minifort,
          nicolae_elf_glass_and_crystal_pillar_1, minmay_misc_feat_ornament,
          feat_on_display, uniq_kirke
Elf:2:    serial_shops, shop
Elf:3:    grunt_elf_hall_branching, serial_shops, freezing_bzr
Vaults:1: nicolae_vaults_three_branches, hangedman_vaults_locks,
          st_greater_box_4, v_misc_18, v_pattern_5, v_rooms_3,
          ontoclasm_vaults_claustrophobia, v_misc_16, vaults_room_fancy_cross,
          vaults_room_pools, vaults_room_stairs_pillars,
          dpeg_vaults_monster_box, serial_shops, shop,
          nicolae_shop_overgrown_old_shop, shop, shop, nicolae_shop_waterfront
Vaults:2: vaults_mumra_minichess, hangedman_vaults_maws,
          nicolae_vaults_angled_halls, nicolae_vaults_puzzle_piece,
          ontoclasm_vaults_eye, ontoclasm_vaults_spin, v_misc_12,
          vaults_room_pool, ontoclasm_vaults_decontamination,
          ontoclasm_vaults_fault, nicolae_vaults_diagonal_hallway_8,
          vaults_dpeg_cross, ontoclasm_vaults_tryst, vaults_room_door_ring,
          hangedman_vaults_hard_town_square, nicolae_vaults_shelves_hall,
          serial_shops, nicolae_shop_stone
Vaults:3: blue_anna_dwarven_crypt, nicolae_vaults_windows_and_doors_thing,
          v_misc_27, v_alt_pattern_1, vaults_room_fours, ontoclasm_vaults_chip,
          vaults_dpeg_ring, ontoclasm_vaults_loading_screen,
          nicolae_vaults_display_case, v_misc_25, serial_shops, shop
Vaults:4: hangedman_vaults_restitches, vaults_room_pools, v_misc_10,
          stair_cage_open, nicolae_vaults_statue_guard, v_misc_9,
          ontoclasm_vaults_gateway, grunt_vaults_funnel, v_pattern_1
Vaults:5: serial_shops
Depths:1: serial_shops, nicolae_shop_behind_doors, nicolae_sextant, hell_entry,
          kennysheep_cluttered_room, lemuel_nasty_fountain
Depths:2: minmay_triangles_in_corner, lightli_too_deep, grunt_decor_arrowhead,
          serial_shops, shop, infiniplex_staircase_pool_2, serial_bayou_shore_b
Depths:3: cell_vault, enter_ziggurat_c, hell_entry, minmay_door_square,
          nicolae_trove_entry_path_of_doom, pan_entry, serial_shops,
          nicolae_shop_overgrown_old_shop, infiniplex_staircase_diamond
Depths:4: grunt_twist_and_shout, abyss_entry, serial_bayou_shore_b, hell_entry,
          kennysheep_island_fort, serial_bayou_shore_b,
          infiniplex_staircase_trident, firewood_loft, serial_bayou_shore_b,
          uniq_jorgrun
Depths:5: grunt_zot_entry_funnels, hell_entry,
          hangedman_abyss_or_decor_lesser_grid,
          nicolae_abyss_entry_one_way_or_another, grunt_ministairs_2,
          kennysheep_random_hallway
Zot:1:    lemuel_acid_trip
Abyss:1:  guppyfry_abyss_exit_imp_island
Abyss:2:  hangedman_stitches_earthworm, evilmike_abyss_exit_15,
          evilmike_abyss_exit_chaos
Abyss:3:  guppyfry_abyss_exit_imp_island, evilmike_abyss_exit_chaos,
          due_abyss_rune
Abyss:4:  guppyfry_abyss_exit_spiral_guarded, evilmike_abyss_exit_16,
          kb_abyss_rune_zappy
Zig:10:   ziggurat_loot_2
Bazaar:   bazaar_outfitter
Trove:    trove_garden
Sewer:    sewer_co_scattered_pipes

Action                   |  1- 3 |  4- 6 |  7- 9 | 10-12 | 13-15 | 16-18 | 19-21 | 22-24 | 25-27 || total
-------------------------+-------+-------+-------+-------+-------+-------+-------+-------+-------++-------
Melee: Flail             |   110 |   151 |    35 |       |       |       |       |       |       ||   296
       Whip              |       |     1 |       |       |       |       |       |       |       ||     1
       Morningstar       |       |       |   199 |   386 |  1479 |  1686 |  2230 |  2178 |  3035 || 11193
Invok: Slouch            |       |       |       |       |     2 |     8 |     2 |     6 |     1 ||    19
       Step From Time    |       |       |       |       |       |     2 |     1 |     1 |     1 ||     5
 Abil: Evoke Flight      |       |       |       |       |       |       |       |     1 |       ||     1
Evoke: Wand              |       |       |       |       |       |     5 |     2 |     4 |     4 ||    15
       Phantom mirror    |       |       |       |       |       |       |       |       |     1 ||     1
  Use: Scroll            |     4 |     6 |     7 |     5 |    13 |    10 |    16 |    24 |    35 ||   120
       Potion            |     4 |     3 |     7 |     5 |     5 |     5 |     2 |     1 |    13 ||    45
 Stab: Invisible         |       |       |       |       |     1 |       |       |       |       ||     1
       Distracted        |       |       |       |       |       |     6 |       |     1 |       ||     7
       Sleeping          |       |       |       |       |       |     5 |       |       |       ||     5
       Held in net/web   |       |       |       |       |       |     3 |       |       |       ||     3
       Fleeing           |       |       |       |       |       |       |       |     1 |       ||     1
       Petrifying        |       |       |       |       |       |       |       |       |     5 ||     5
  Eat: Fruit             |     2 |       |     5 |     1 |     6 |     5 |     6 |       |     4 ||    29
       Chunk             |       |     4 |     4 |     7 |    15 |     8 |    46 |     5 |     1 ||    90
       Beef jerky        |       |     1 |     1 |     3 |     3 |     4 |     1 |     1 |       ||    14
       Pizza             |       |       |     1 |     1 |     2 |       |     1 |     1 |     5 ||    11
       Meat ration       |       |       |       |     1 |     3 |       |     1 |       |       ||     5
       Bread ration      |       |       |       |       |     2 |     2 |     4 |     8 |     8 ||    24
       Royal jelly       |       |       |       |       |       |     4 |     1 |       |     3 ||     8
